 Dungeon Crawl Stone Soup version 0.26-a0-113-gd8a95b691d (webtiles) character file.

Game seed: 13035976089020020799

14949 Argons the Grappler (level 11, -2/109 HPs)
             Began as a Troll Transmuter on June 27, 2020.
             Was a Priest of Wu Jian.
             Slain by a four-headed hydra (13 damage)
             ... on level 1 of the Lair of Beasts.
             The game lasted 01:04:43 (12772 turns).

Argons the Grappler (Troll Transmuter)             Turns: 12772, Time: 01:04:44

Health: -2/109     AC:  6    Str: 23    XL:     11   Next: 95%
Magic:  11/11      EV:  9    Int:  9    God:    Wu Jian [***...]
Gold:   656        SH:  5    Dex: 10    Spells: 11/12 levels left

rFire    . . .     SeeInvis .     - Unarmed
rCold    . . .     Faith    .   (no shield)
rNeg     . . .     Spirit   .   b - +0 robe
rPois    .         Reflect  +   (helmet restricted)
rElec    .         Harm     .   (no cloak)
rCorr    +                      (gloves unavailable)
MR       .....                  (boots unavailable)
Stlth    +.........             i - amulet of reflection (curse)
HPRegen  0.68/turn              l - ring of resist corrosion
MPRegen  0.12/turn              (no ring)

@: heavily drained
A: large, unfitting armour, claws 3, fast metabolism 3, gourmand, regeneration
1, shaggy fur 1, tough skin 3
a: Wall Jump, Serpent's Lash, Renounce Religion


You were on level 1 of the Lair of Beasts.
You worshipped Wu Jian.
Wu Jian was most pleased with you.
You were very full.

You visited 3 branches of the dungeon, and saw 13 of its levels.
You also visited: Ossuary.

You collected 656 gold pieces.

Inventory:

Missiles
 h - 10 javelins
 j - 18 poisoned darts
 u - 8 large rocks (quivered)
Armour
 b - a +0 robe (worn)
Jewellery
 f - an uncursed amulet of faith {unknown}
 i - a cursed amulet of reflection (around neck)
 l - a ring of resist corrosion (left claw)
 w - an uncursed ring of ice {unknown}
Wands
 k - a wand of acid (8)
 o - a wand of flame (12)
 q - a wand of iceblast (9)
 s - a wand of random effects (49)
 B - a wand of paralysis (7)
Scrolls
 e - a scroll of enchant armour
 m - 2 scrolls of remove curse
 v - 2 scrolls of fog
 x - 3 scrolls of identify
 y - a scroll of magic mapping
 z - a scroll of blinking {unknown}
Potions
 a - 4 potions of haste
 c - 3 potions of lignification
 g - 4 potions of heal wounds
 n - a potion of berserk rage
 p - 3 potions of curing
 r - a potion of ambrosia
 t - a potion of magic {unknown}
Comestibles
 d - 28 rations


   Skills:
 - Level 7.1(4.8) Fighting
 - Level 7.0(4.7) Throwing
 + Level 6.0(3.8) Armour
 - Level 1.5(0.0) Dodging
 + Level 13.8(11.0) Unarmed Combat
 - Level 1.2(0.0) Spellcasting
 - Level 1.3(0.0) Transmutations


You had 11 spell levels left.
You knew the following spells:

 Your Spells              Type           Power        Failure   Level  Hunger
a - Beastly Appendage     Tmut           #.....       38%         1    ##.....

Your spell library contained the following spells:

 Spells                   Type           Power        Failure   Level  Hunger
 Corona                   Hex            #......      38%         1    ##.....
 Summon Small Mammal      Summ           #...         38%         1    ##.....
 Call Imp                 Summ           #.......     52%         2    ###....
 Ensorcelled Hibernation  Hex/Ice        #.....       52%         2    ###....
 Sticks to Snakes         Tmut           #.......     52%         2    ###....
 Call Canine Familiar     Summ           #.......     77%         3    ####...
 Confusing Touch          Hex            #.......     77%         3    ####...
 Dazzling Flash           Conj/Hex       #.....       77%         3    ####...
 Spider Form              Tmut/Pois      #.........   77%         3    ####...
 Summon Guardian Golem    Hex/Summ       #.......     77%         3    ####...
 Tukima's Dance           Hex            #.......     77%         3    ####...
 Ice Form                 Ice/Tmut       #.......     99%         4    #####..
 Summon Ice Beast         Ice/Summ       #.......     99%         4    #####..
 Summon Lightning Spire   Summ/Air       #.......     99%         4    #####..
 Blade Hands              Tmut           #.........   100%        5    ######.


Dungeon Overview and Level Annotations

Branches:
Dungeon (11/15)            Temple (1/1) D:5            Lair (1/6) D:8
    Orc (0/2) D:9         Ossuary (visited)

Altars:
Ashenzari
Cheibriados
Dithmenos
Elyvilon
Fedhas
Gozag
Hepliaklqana
Kikubaaqudgha
Makhleb
Nemelex Xobeh
Okawaru
Qazlal
Ru
Sif Muna
Trog
Uskayaw
Vehumet
Wu Jian
Xom
Yredelemnul
Zin
The Shining One
Beogh

Portals:
Trove: D:11 (give +7 demon blade)

Annotations:
D:5 horror


Innate Abilities, Weirdness & Mutations

You are too large for most types of armour.
You have claws for hands.
Your metabolism is lightning-fast.
You like to eat raw meat.
Your natural rate of healing is unusually fast.
You are covered in fur. (AC +1)
You have extremely tough skin. (AC +3)


Message History

The large rock hits the four-headed hydra!!
The four-headed hydra is moderately wounded.
The four-headed hydra bites you but does no damage.
The four-headed hydra bites you. x2; The four-headed hydra bites you!
You block the rat's attack. The four-headed hydra bites you! x2
* * * LOW HITPOINT WARNING * * *
The four-headed hydra bites you!
* * * LOW HITPOINT WARNING * * *
The four-headed hydra bites you!
* * * LOW HITPOINT WARNING * * *
Throwing (i - inventory. (/) - cycle)
u - 9 large rocks (quivered)
Press: ? - help, Shift-Dir - straight line, f/p - four-headed hydra
Aim: a four-headed hydra (moderately wounded)
You throw a large rock.
The large rock hits the four-headed hydra!!
The four-headed hydra is severely wounded.
The rat barely misses you.
You block the four-headed hydra's attack.
The four-headed hydra bites you!
You die...

##.###.............
#..##.##...........
##..................
#...#####.........##
##..#≈≈≈≈...........
#...≈≈≈#..........#
#...≈≈≈#.......?..#
#.D#≈≈≈#...#.####.#
##.@r.###.##### #.#
#.........# #.D
##........# #..
#........# #..
#........## ##..
##.........# #...
#P........## ##..
##........# ###
#P........#


You could see a four-headed hydra and a rat.

Vanquished Creatures
  The ghost of bmj180 the Destroyer, a journeyman DrCj of Vehumet (D:11)
  A hydra (Lair:1)
  4 two-headed ogres
  An unseen horror (D:5)
  3 spiny frogs (Lair:1)
  A centaur skeleton (D:10)
  A gargoyle (D:11)
  A komodo dragon (Lair:1)
  A troll (D:11)
  A hippogriff (D:10)
  2 wyverns
  2 basilisks
  A wraith (D:9)
  6 yaks
  3 porcupines (D:8)
  5 black bears
  A swamp drake (D:9)
  3 ice beasts
  An orc warrior (D:9)
  3 phantoms (D:10)
  3 ogres
  2 wolves (D:8)
  A necrophage (D:11)
  An eye of draining (D:5)
  5 centaurs
  7 crocodiles
  A big kobold (D:11)
  6 bullfrogs
  A water moccasin zombie (Ossuary)
  A scorpion (D:5)
  6 killer bees
  An electric eel (Lair:1)
  10 howler monkeys
  10 wights
  4 crimson imps
  2 centaur zombies (D:11)
  2 bullfrog skeletons
  2 hounds
  2 jellies
  A gnoll shaman (D:5)
  12 orc priests
  6 iguanas
  10 orc wizards
  2 hell rats (Lair:1)
  5 worker ants
  2 big kobold zombies (Ossuary)
  A hound zombie (D:9)
  A hound skeleton (D:6)
  2 mummies (Ossuary)
  A howler monkey zombie (D:7)
  Robin (D:4)
  3 worker ant zombies
  4 adders
  A howler monkey skeleton (D:6)
  4 river rats (Lair:1)
  14 gnolls
  A shadow imp (D:11)
  2 oozes
  5 adder zombies (Ossuary)
  An adder skeleton (D:4)
  2 worms
  A dart slug (D:4)
  6 leopard geckos
  43 orcs
  4 giant cockroaches
  24 goblins
  19 hobgoblins
  18 jackals
  5 quokkas
  A ball python (D:1)
  6 bats
  2 frilled lizards
  2 gnoll zombies (Ossuary)
  2 goblin zombies (D:4)
  5 hobgoblin zombies (Ossuary)
  A jackal skeleton (D:7)
  21 kobolds
  3 kobold zombies (Ossuary)
  A leopard gecko zombie (D:7)
  8 orc zombies (Ossuary)
  15 rats
  A plant (Lair:1)
378 creatures vanquished.

Vanquished Creatures (others)
  An orc wizard (D:11)
  A kobold (D:7)
  4 fungi (D:8)
  5 plants
11 creatures vanquished.

Grand Total: 389 creatures vanquished

Notes
Turn   | Place    | Note
-------+----------+-------------------------------------------
     0 | D:1      | Argons the Troll Transmuter began the quest for the Orb.
     0 | D:1      | Reached XP level 1. HP: 18/18 MP: 1/1
   111 | D:1      | Reached XP level 2. HP: 26/26 MP: 2/2
   299 | D:1      | Reached skill level 4 in Unarmed Combat
   708 | D:1      | Reached XP level 3. HP: 32/32 MP: 3/3
  1328 | D:2      | Reached skill level 1 in Throwing
  1328 | D:2      | Reached XP level 4. HP: 29/40 MP: 4/4
  1634 | D:2      | Found a hazy altar of Hepliaklqana.
  1635 | D:2      | Found a shimmering altar of Xom.
  1636 | D:2      | Noticed a spectral ugly thing
  1764 | D:3      | Found a shattered altar of Ashenzari.
  1779 | D:3      | Reached skill level 5 in Unarmed Combat
  1842 | D:3      | Reached XP level 5. HP: 32/46 MP: 5/5
  1935 | D:3      | Found a stormy altar of Qazlal.
  2052 | D:3      | Reached XP level 6. HP: 36/54 MP: 6/6
  2363 | D:4      | Found a basalt altar of Yredelemnul.
  2440 | D:4      | Reached skill level 6 in Unarmed Combat
  2461 | D:4      | Noticed Robin
  2619 | D:4      | Found a sand-covered staircase.
  2631 | Ossuary  | Entered an ossuary
  2764 | Ossuary  | Reached XP level 7. HP: 61/61 MP: 7/7
  2898 | D:4      | Found a sacrificial altar of Ru.
  2899 | D:4      | Found a shimmering blue altar of Sif Muna.
  3286 | D:4      | Killed Robin
  3470 | D:5      | Entered Level 5 of the Dungeon
  3474 | D:5      | Found a bloodstained altar of Trog.
  3552 | D:5      | Found a staircase to the Ecumenical Temple.
  3561 | Temple   | Entered the Ecumenical Temple
  3710 | D:5      | Found a sparkling altar of Nemelex Xobeh.
  3931 | D:5      | Reached skill level 7 in Unarmed Combat
  4143 | D:6      | Reached skill level 5 in Throwing
  4192 | D:6      | Reached XP level 8. HP: 55/68 MP: 8/8
  4261 | D:6      | Found a blossoming altar of Fedhas.
  4707 | D:6      | Reached skill level 8 in Unarmed Combat
  5992 | D:7      | Reached skill level 9 in Unarmed Combat
  6012 | D:7      | Reached skill level 1 in Fighting
  6019 | D:7      | Found a snail-covered altar of Cheibriados.
  6064 | D:7      | Reached XP level 9. HP: 37/76 MP: 9/9
  6291 | D:7      | Found a glowing golden altar of the Shining One.
  6291 | D:7      | Found an ornate altar of the Wu Jian Council.
  6295 | D:7      | Became a worshipper of the Wu Jian Council
  6547 | D:8      | Found a staircase to the Lair.
  6848 | D:8      | Reached skill level 10 in Unarmed Combat
  7422 | D:8      | Noticed a +0 hand axe
  7423 | D:8      | Noticed a +0 hand axe
  7424 | D:8      | Found a hide-covered altar of Uskayaw.
  7500 | D:8      | Reached * piety under Wu Jian
  7650 | D:9      | Reached skill level 5 in Fighting
  7678 | D:9      | Found a roughly hewn altar of Beogh.
  7688 | D:9      | HP: 3/88 [orc priest/divine providence (17)]
  7844 | D:9      | Reached XP level 10. HP: 93/96 MP: 10/10
  8061 | D:9      | Noticed a two-headed ogre
  8251 | D:9      | Reached skill level 11 in Unarmed Combat
  8349 | D:9      | Found a shadowy altar of Dithmenos.
  8528 | D:9      | Killed a two-headed ogre
  8801 | D:9      | Found a staircase to the Orcish Mines.
  8902 | D:10     | Entered Level 10 of the Dungeon
  9054 | D:10     | Noticed a two-headed ogre
  9132 | D:10     | Reached ** piety under Wu Jian
  9214 | D:10     | Killed a two-headed ogre
  9214 | D:10     | Reached skill level 12 in Unarmed Combat
  9468 | D:10     | Reached skill level 1 in Armour
  9741 | D:11     | Noticed a two-headed ogre
  9868 | D:11     | Found a portal to a secret trove of treasure.
  9938 | D:11     | Noticed a two-headed ogre
  9943 | D:11     | Killed a two-headed ogre
  9943 | D:11     | Reached XP level 11. HP: 70/109 MP: 11/11
 10131 | D:11     | HP: 5/109 [poisoned by an orc wizard]
 10137 | D:11     | HP: 5/109 [poisoned by an orc wizard]
 10332 | D:11     | Killed a two-headed ogre
 10390 | D:11     | Found a runed translucent gate.
 10390 | D:11     | Found a runed translucent gate.
 10390 | D:11     | Found a runed translucent gate.
 10391 | D:11     | Noticed bmj180's ghost (journeyman DrCj)
 10496 | D:11     | Reached *** piety under Wu Jian
 10509 | D:11     | Reached skill level 13 in Unarmed Combat
 10727 | D:11     | Killed bmj180's ghost
 11344 | D:5      | Killed an unseen horror
 11729 | Lair:1   | Entered Level 1 of the Lair of Beasts
 11805 | Lair:1   | Reached skill level 5 in Armour
 12066 | Lair:1   | HP: 5/109 [yak (18)]
 12071 | Lair:1   | HP: 1/109 [yak (3)]
 12338 | Lair:1   | Noticed a five-headed hydra
 12388 | Lair:1   | Killed a five-headed hydra
 12594 | Lair:1   | Noticed a four-headed hydra
 12772 | Lair:1   | Slain by a four-headed hydra

Illustrated notes

Levels and vault maps discovered:
D:1:      elethiomel_arrival_quiet, layout_basic
D:2:      layout_rooms, regret_index_temple_of_mockery, serial_bayou_pond_c
D:3:      layout_rooms, overflow_temple_1_default, grunt_qazlal_clouds
D:4:      layout_cave_pods, yredelemnul_altar_generic,
          chequers_temple_overflow_statue_of_worship, enter_ossuary_4,
          chequers_serial_rivers_small_b, uniq_robin
D:5:      layout_basic, nemelex_xobeh_ov_fountains_minmay,
          trog_eyes_of_draining, minmay_temple_entry_trees, first_ration,
          columned_hall_lemuel
D:6:      layout_layer_cave, basic_altar
D:7:      corexii_shantytown, layout_gridville, gammafunk_temple_overflow_wave,
          basic_altar
D:8:      layout_basic, dancing_weapons_uskayaw, minmay_lair_entry_grove
D:9:      layout_small_grid, nicolae_dithmenos_the_darkroom, erik_orc_1,
          david_defended_altar_orc
D:10:     layout_irregular_city
D:11:     layout_rooms, nicolae_trove_entry_columns, ebering_ghost_rock_garden
Temple:   nicolae_temple_figure_zero
Lair:1:   lemuel_ratsnest, layout_gridlike, grunt_megastairs_3,
          serial_bayou_shore_a

Skill      XL: |  1  2  3  4  5  6  7  8  9 10 11 |
---------------+----------------------------------+-----
Unarmed Combat | 4 5 6 7 9 10 12 13 | 13.8
Throwing       | 1 2 4 5 7 |  7.0
Fighting       | 1 5 7 |  7.1
Armour         | 2 6 |  6.0
Dodging        | |  1.5
Spellcasting   | |  1.2
Transmutations | |  1.3

Action                   |  1- 3 |  4- 6 |  7- 9 | 10-12 || total
-------------------------+-------+-------+-------+-------++-------
Melee: Unarmed           |   122 |   227 |   453 |   388 ||  1190
       Punch             |     1 |     6 |     9 |    19 ||    35
Throw: Dart              |     9 |       |     2 |     8 ||    19
       Javelin           |       |       |     2 |     6 ||     8
       Large rock        |       |       |       |     8 ||     8
Invok: Lunge             |       |       |    16 |    43 ||    59
       Whirlwind         |       |       |     9 |    17 ||    26
Evoke: Wand              |       |       |       |     3 ||     3
  Use: Scroll            |     4 |     7 |     7 |     5 ||    23
       Potion            |       |       |       |     2 ||     2
 Stab: Sleeping          |     1 |       |       |     1 ||     2
  Eat: Chunk             |    18 |    11 |    49 |    43 ||   121
Armor: Robe              |    34 |    57 |   106 |    80 ||   277
Dodge: Dodged            |    52 |   105 |   148 |   119 ||   424
Block: Other             |       |       |    49 |    64 ||   113
       Reflection        |       |       |     2 |     4 ||     6

Table legend:
 A = Non-vault XP
 B = Vault XP
 C = Vault XP percentage of total XP
 D = Non-vault monster count
 E = Vault monster count
 F = Vault count percentage of total count
                 A         B        C        D         E       F
            +---------+---------+-------+---------+---------+-------
      Total |   16554 |    4802 |  22.5 |     247 |     131 |  34.7
            +---------+---------+-------+---------+---------+-------
        D:1 |      70 |       0 |   0.0 |      34 |       0 |   0.0
        D:2 |      74 |       0 |   0.0 |      18 |       0 |   0.0
        D:3 |     312 |       3 |   1.0 |      31 |       2 |   6.1
        D:4 |     140 |      37 |  20.9 |      12 |      13 |  52.0
        D:5 |    1256 |     127 |   9.2 |      20 |       3 |  13.0
        D:6 |     765 |       0 |   0.0 |      16 |       0 |   0.0
        D:7 |     898 |     198 |  18.1 |      22 |      35 |  61.4
        D:8 |     904 |    1363 |  60.1 |      19 |      11 |  36.7
        D:9 |    1654 |     659 |  28.5 |      14 |      18 |  56.2
       D:10 |    3147 |       0 |   0.0 |      26 |       0 |   0.0
       D:11 |    4292 |     989 |  18.7 |      24 |       1 |   4.0
     Lair:1 |    3042 |    1201 |  28.3 |      11 |      20 |  64.5
    Ossuary |       0 |     225 | 100.0 |       0 |      28 | 100.0
            +---------+---------+-------+---------+---------+-------
